AoeStats
← IsraDguez

Arabia

510875431Analyzed
1v1 RM · 20h ago on Oct 2, 2026· 37m 18s· 2 players
Game mode
Random Map
Map size
Tiny (2 player)
Population
200
Speed
Normal
Resources
Standard
Victory
Conquest
Starting age
Dark Age
Ending age
Imperial Age
RankedLock teamsTeams togetherTeam positionsShared explorationLock speedFull tech treeHidden civsTurbo modeCheats
Victory
Defeat
🇺🇸 Franks · United States
992
+14
🇲🇽 Aztecs · Mexico
942
-14
IsraDguez
6:26 Loom
9:58 Feudal Age
12:18 Scale Mail Armor
19:56 Castle Age
26:51 Squires
26:53 Pikeman
28:09 Gambesons
30:52 Chain Mail Armor
32:47 Forging
33:07 Crossbowman
33:36 Eagle Warrior
gochodg
10:14 Feudal Age
10:41 Double-Bit Axe
11:38 Double-Bit Axe
12:49 Loom
16:55 Forging
24:13 Castle Age
23:12 Gold Mining
23:16 Stone Mining
23:51 Scale Barding Armor
25:18 Husbandry
26:03 Bow Saw
34:06 Chain Barding Armor
34:21 Iron Casting
Connection lost

Rejoining the realm…

Still unreachable

The connection could not be restored.

Session expired

The server has moved on; the page needs a fresh start.